Map: Abyssal Reef LE

Players

MaNa

  • Race: Protoss Protoss
  • Spawn Location: 11:00

Serral - Winner!

  • Race: Zerg Zerg
  • Spawn Location: 5:00

Event: WCS Jonkoping 2017

VOD

Have the link to the VOD?

Description

Time

  • Played on: June 17, 2017, 1:54 p.m.
  • Length: 10:28

All games in this series

Show
View Real Time Build Order
Export as new Build Order

MaNa Protoss 

Build Orders: Zealot Archon 

Get SALT Encoding   

  12  0:00  Probe (Chrono Boost)  
  13  0:11  Probe (Chrono Boost)  
  14  0:17  Pylon  
  14  0:22  Probe (Chrono Boost)  
  15  0:36  Probe (Chrono Boost)  
  15  0:39  Gateway  
  16  0:46  Probe (Chrono Boost)  
  16  0:49  Assimilator  
  18  0:57  Probe (Chrono Boost)  
  18  1:07  Probe (Chrono Boost)  
  19  1:17  Gateway  
  20  1:23  Zealot  
  19  1:26  Cybernetics Core  
  21  1:36  Pylon  
  21  1:39  Probe (Chrono Boost)  
  21  1:50  Probe (Chrono Boost)  
  24  2:01  Adept  
  24  2:04  Adept  
  24  2:05  Warp Gate  
  27  2:09  Probe (Chrono Boost)  
  24  2:21  Probe (Chrono Boost)  
  25  2:28  Adept  
  25  2:29  Adept  
  28  2:46  Probe (Chrono Boost)  
  29  3:02  Probe (Chrono Boost)  
  29  3:10  Nexus  
  29  3:13  Probe (Chrono Boost)  
  30  3:21  Assimilator  
  30  3:28  Pylon  
  30  3:33  Probe (Chrono Boost)  
  31  3:46  Probe (Chrono Boost)  
  32  3:48  Twilight Council  
  34  4:04  Probe (Chrono Boost)  
  34  4:08  Stalker  
  35  4:14  Probe (Chrono Boost)  
  36  4:21  Robotics Facility  
  36  4:22  Probe (Chrono Boost)  
  37  4:25  Probe (Chrono Boost)  
  38  4:32  Dark Shrine  
  38  4:33  Probe (Chrono Boost)  
  38  4:36  Probe (Chrono Boost)  
  40  4:44  Probe (Chrono Boost)  
  41  4:46  Probe (Chrono Boost)  
  42  4:54  Probe (Chrono Boost)  
  42  4:57  Probe (Chrono Boost)  
  44  5:03  Assimilator  
  44  5:05  Warp Prism, Probe (Chrono Boost)  
  45  5:07  Probe (Chrono Boost)  
  45  5:12  Gateway  
  48  5:18  Gateway  
  48  5:22  Assimilator  
  48  5:24  Charge  
  48  5:25  Probe (Chrono Boost)  
  48  5:26  Probe (Chrono Boost)  
  50  5:35  Probe (Chrono Boost)  
  51  5:37  Pylon  
  51  5:38  Probe (Chrono Boost)  
  52  5:43  Pylon  
  52  5:47  Probe (Chrono Boost)  
  52  5:48  Probe (Chrono Boost)  
  54  6:05  Dark Templar x2  
  54  6:06  Dark Templar  
  54  6:10  Pylon  
  60  6:13  Probe x2 (Chrono Boost)  
  62  6:20  Observer  
  62  6:24  Probe x2 (Chrono Boost)  
  65  6:29  Nexus  
  65  6:33  Dark Templar  
  65  6:34  Probe (Chrono Boost)  
  68  6:40  Archon x2  
  68  6:43  Immortal  
  68  6:44  Probe (Chrono Boost)  
  74  6:47  Probe (Chrono Boost)  
  74  6:49  Pylon  
  74  6:56  Sentry x2  
  78  7:07  Probe x2 (Chrono Boost)  
  80  7:17  Forge  
  80  7:18  Probe (Chrono Boost)  
  80  7:19  Immortal  
  85  7:26  Probe (Chrono Boost)  
  86  7:30  Probe (Chrono Boost)  
  86  7:38  Pylon  
  86  7:40  Pylon  
  86  7:41  Probe (Chrono Boost)  
  86  7:43  Probe (Chrono Boost)  
  88  7:46  Gateway  
  88  7:48  Sentry x2  
  88  7:49  Sentry x2  
  96  7:55  Mothership Core (Chrono Boost)  
  96  7:56  Gateway x2  
  98  8:00  Gateway, Immortal  
  98  8:05  Protoss Ground Weapons Level 1  
  100  8:09  Probe (Chrono Boost)  
  100  8:10  Probe (Chrono Boost)  
  100  8:11  Assimilator  
  102  8:12  Assimilator  
  102  8:14  Probe (Chrono Boost)  
  102  8:17  Pylon  
  104  8:20  Probe (Chrono Boost)  
  104  8:23  Probe (Chrono Boost)  
  105  8:29  Probe (Chrono Boost)  
  106  8:35  Photon Cannon  
  106  8:36  Photon Cannon  
  106  8:37  Observer  
  107  8:48  Pylon  
  109  8:50  Probe x2 (Chrono Boost)  
  109  8:57  Nexus  
  109  9:00  Probe (Chrono Boost)  
  109  9:02  Probe (Chrono Boost)  
  105  9:04  Immortal, Probe (Chrono Boost)  
  109  9:10  Probe (Chrono Boost)  
  109  9:14  Probe (Chrono Boost)  
  109  9:16  Probe (Chrono Boost)  
  108  9:21  Probe (Chrono Boost)  
  109  9:26  Photon Cannon, Probe (Chrono Boost)  
  109  9:27  Pylon  
  109  9:28  Photon Cannon  
  109  9:38  Templar Archives  
  109  9:40  Probe (Chrono Boost)  
  109  9:41  Probe x2 (Chrono Boost)  
  112  9:58  Dark Templar x5  
  112  9:59  Dark Templar  
  123  10:05  Archon x3  
  118  10:20  Zealot x2  
Show
View Real Time Build Order
Export as new Build Order

Serral Zerg - Winner!

Build Orders: Pool First, Muta Ling Bane 

Get SALT Encoding   

  12  0:18  Spawning Pool  
  11  0:22  Drone  
  11  0:27  Drone  
  13  0:32  Drone  
  14  0:40  Overlord  
  14  1:05  Queen, Zergling x6  
  19  1:16  Zergling x2  
  20  1:27  Zergling x2  
  21  1:37  Hatchery  
  20  1:41  Zergling x2  
  21  1:49  Overlord  
  21  2:01  Drone  
  21  2:13  Drone x2  
  24  2:15  Drone x2  
  24  2:17  Extractor  
  24  2:25  Queen  
  24  2:29  Drone  
  26  2:35  Zergling x2  
  26  2:44  Zergling x2  
  26  2:49  Zergling x4  
  29  2:53  Queen  
  29  2:57  Drone  
  31  3:07  Overlord  
  31  3:08  Drone  
  31  3:11  Drone  
  33  3:15  Drone  
  33  3:18  Drone  
  35  3:21  Drone  
  36  3:27  Metabolic Boost  
  36  3:31  Drone  
  37  3:35  Drone  
  37  3:39  Zergling x4  
  40  3:43  Overlord  
  40  3:50  Queen  
  40  3:52  Drone  
  43  3:59  Overlord  
  44  4:02  Drone  
  44  4:03  Drone  
  44  4:06  Drone x2  
  47  4:10  Zergling x2  
  47  4:13  Drone  
  47  4:15  Overlord  
  49  4:21  Drone  
  50  4:30  Hatchery  
  49  4:33  Drone x2  
  49  4:34  Drone  
  49  4:37  Drone  
  49  4:38  Drone  
  54  4:44  Lair  
  54  4:50  Roach Warren  
  54  4:51  Drone  
  54  4:53  Drone  
  54  4:59  Drone x3  
  58  5:03  Extractor  
  58  5:04  Drone x3  
  60  5:08  Overlord  
  60  5:12  Extractor  
  60  5:13  Overlord  
  59  5:14  Drone  
  60  5:26  Drone, Spore Crawler  
  60  5:27  Drone x3  
  60  5:28  Drone  
  64  5:31  Spore Crawler  
  64  5:35  Roach x2  
  67  5:42  Roach x3  
  76  5:43  Roach  
  76  5:48  Overseer  
  76  5:50  Overseer  
  76  5:52  Overlord  
  76  5:56  Zergling x8  
  80  5:59  Roach  
  80  6:01  Overlord  
  82  6:04  Overlord  
  82  6:13  Roach x3  
  82  6:14  Overlord  
  82  6:16  Queen  
  90  6:18  Overlord  
  90  6:23  Drone x2  
  90  6:24  Drone  
  93  6:26  Drone x2  
  93  6:28  Drone x2  
  93  6:31  Drone x2  
  99  6:36  Overlord  
  98  6:40  Overlord  
  98  6:45  Drone x4  
  102  6:48  Roach x3  
  102  6:51  Extractor  
  107  6:54  Spire  
  106  7:04  Drone x4  
  106  7:05  Drone x2  
  106  7:06  Extractor  
  106  7:07  Extractor  
  106  7:08  Evolution Chamber, Drone  
  110  7:15  Drone x2  
  112  7:16  Baneling Nest  
  112  7:18  Overlord  
  109  7:30  Drone x2  
  109  7:34  Queen  
  110  7:39  Zerg Melee Weapons Level 1  
  110  7:43  Zergling x4  
  110  7:44  Hatchery, Zergling x8  
  114  8:03  Centrifical Hooks  
  112  8:06  Mutalisk x7  
  112  8:09  Zergling x10  
  131  8:15  Overlord  
  131  8:18  Zergling x6  
  134  8:20  Baneling x2  
  134  8:21  Baneling x4  
  134  8:23  Drone  
  135  8:33  Drone x2  
  135  8:34  Drone  
  138  8:45  Drone x4  
  138  8:46  Drone x5  
  138  8:47  Overlord x2  
  147  8:50  Ravager x5  
  152  9:00  Zergling x2  
  152  9:01  Zergling x6  
  156  9:08  Queen  
  156  9:09  Ravager x2, Overlord  
  160  9:15  Zergling x2  
  160  9:16  Zergling x22  
  172  9:21  Drone  
  172  9:22  Drone x2  
  175  9:30  Overlord  
  175  9:32  Hatchery  
  175  9:36  Baneling  
  175  9:37  Baneling x25  
  175  9:38  Baneling x7  
  174  9:40  Zergling x2  
  174  9:41  Zergling x6  
  178  9:47  Zergling x2  
  178  9:48  Zergling x10  
  184  9:54  Ravager x3  
  184  9:59  Baneling x2  
  187  10:00  Baneling x4  
  187  10:02  Zergling x2  
  187  10:03  Zergling x12  
  187  10:09  Zergling x12  
Tags
 
Add a new tag
Caveats
  • Supply blocks, unpowered buildings, or Contaminate may cause inaccurate times.
  • Supply counts are checked every 10 seconds.